 Dungeon Crawl Stone Soup version 0.23.1 (webtiles) character file.

Game seed: 10181228225657647983

16071 Peloso the Blocker (level 12, -6/104 HPs)
             Began as a Minotaur Fighter on Mar 14, 2019.
             Was a High Priest of Okawaru.
             Mangled by Jorgrun
             ... wielding an uncursed staff of earth
              (8 damage)
             ... while petrified by Jorgrun
             ... on level 15 of the Dungeon.
             The game lasted 00:27:12 (13449 turns).

Peloso the Blocker (Minotaur Fighter)              Turns: 13449, Time: 00:27:14

Health: -6/104     AC: 14    Str: 27    XL:     12   Next: 6%
Magic:  11/11      EV: -1    Int:  5    God:    Okawaru [*****.]
Gold:   701        SH:  0    Dex: 12    Spells: 11/11 levels left

rFire    . . .     SeeInvis .   a - +1 falchion (flame)
rCold    . . .     Gourm    .   c - +0 shield
rNeg     + + +     Faith    .   q - +0 chain mail (curse)
rPois    ∞         Spirit   .   y - +1 hat
rElec    .         Reflect  .   (no cloak)
rCorr    +         Harm     .   (no gloves)
MR       .....                  s - +0 pair of boots
Stlth    ..........             l - amulet of magic regeneration
HPRegen  0.27/turn              j - +3 ring of strength
MPRegen  0.37/turn              B - ring of resist corrosion

@: lethally poisoned (-6 -> -6), petrified, grasped by roots, constricted
A: retaliatory headbutt, horns 2
a: Heroism, Finesse, Renounce Religion


You were on level 15 of the Dungeon.
You worshipped Okawaru.
Okawaru was extremely pleased with you.
You were not hungry.

You visited 2 branches of the dungeon, and saw 14 of its levels.

You collected 888 gold pieces.
You spent 187 gold pieces at shops.

Inventory:

Hand Weapons
 a - a +1 falchion of flaming (weapon)
Armour
 b - a +0 scale mail
 c - a +0 shield (worn)
 q - a cursed +0 chain mail (worn)
 s - a +0 pair of boots (worn)
 y - a +1 hat (worn)
Jewellery
 j - a +3 ring of strength (left hand)
 k - a +2 ring of intelligence
 l - an amulet of magic regeneration (around neck)
 r - an uncursed ring of flight
 B - a ring of resist corrosion (right hand)
 H - an uncursed ring of see invisible {unknown}
 I - an uncursed amulet of the gourmand {unknown}
Wands
 g - a wand of enslavement (7)
 v - a wand of acid (16)
 A - a wand of clouds (12)
 L - a wand of disintegration (10)
 M - a wand of polymorph (8)
Scrolls
 e - 7 scrolls of fog
 i - 2 scrolls of immolation
 m - a scroll of noise {unknown}
 n - 6 scrolls of fear
 p - 3 scrolls of enchant weapon
 t - 4 scrolls of teleportation
 u - 3 scrolls of enchant armour
 w - 6 scrolls of remove curse
 E - 4 scrolls of amnesia
 J - 4 scrolls of identify
Potions
 d - 5 potions of might
 h - a potion of agility
 o - 3 potions of invisibility
 x - a potion of brilliance {unknown}
 z - a potion of haste
 C - 3 potions of magic
 D - 2 potions of berserk rage
 F - 2 potions of resistance
 G - 2 potions of curing
 K - a potion of ambrosia {unknown}
 O - a potion of cancellation {unknown}
Comestibles
 f - 18 rations


   Skills:
 + Level 9.0 Fighting
 + Level 12.9 Long Blades
 + Level 11.6 Armour
 + Level 4.1 Dodging
 + Level 1.7 Stealth
 + Level 13.0 Shields
 + Level 0.4 Invocations
 + Level 0.3 Evocations


You had 11 spell levels left.
You didn't know any spells.
Your spell library contained the following spells:

 Spells                   Type           Power        Failure   Level  Hunger
 Beastly Appendage        Tmut           #.....       96%         1    ##.....
 Corona                   Hex            #......      96%         1    ##.....
 Shock                    Conj/Air       #...         96%         1    ##.....
 Ensorcelled Hibernation  Hex/Ice        #.....       99%         2    ###....
 Sticks to Snakes         Tmut           #.......     99%         2    ###....
 Swiftness                Chrm/Air       #.......     99%         2    ###....
 Confuse                  Hex            #.......     100%        3    ####...
 Dazzling Spray           Conj/Hex       #.....       100%        3    ####...
 Spider Form              Tmut/Pois      #.........   100%        3    ####...
 Static Discharge         Conj/Air       #.......     100%        3    ####...
 Tukima's Dance           Hex            #.......     100%        3    ####...
 Airstrike                Air            #.........   100%        4    #####..
 Ice Form                 Ice/Tmut       #.......     100%        4    #####..
 Blade Hands              Tmut           #.........   100%        5    ######.
 Lightning Bolt           Conj/Air       #.........   100%        5    ######.


Dungeon Overview and Level Annotations

Branches:
Dungeon (12/15)            Temple (1/1) D:4            Lair (0/6) D:8
    Orc (0/2) D:11

Altars:
Ashenzari
Cheibriados
Dithmenos
Elyvilon
Fedhas
Gozag
Hepliaklqana
Kikubaaqudgha
Makhleb
Nemelex Xobeh
Okawaru
Qazlal
Ru
Sif Muna
Trog
Uskayaw
Vehumet
Wu Jian
Xom
Yredelemnul
Zin
The Shining One

Shops:
D:5 =!%=[

Annotations:
D:8 1 runed translucent door, P0WERM0DE's ghost, novice DDFi
D:10 2 transporters, PikkenKukken's ghost, novice FoAK
D:15 Azrael; Jorgrun


Innate Abilities, Weirdness & Mutations

You reflexively headbutt those who attack you in melee.
You have a pair of horns on your head.


Message History

The big kobold hits you but does no damage. x2
A troll comes into view.
The kobold demonologist hits you but does no damage.
Jorgrun hits you but does no damage.
The shadow imp hits you but does no damage.
The big kobold hits you but does no damage. x2
The kobold demonologist hits you but does no damage.
Jorgrun casts a spell at you.
Roots burst forth from the earth!
The grasping roots grab you! The grasping roots constrict you.
The shadow imp summons a swarm of flies.
The shadow imp completely misses you.
The big kobold hits you but does no damage. x2
The kobold demonologist casts a cantrip, but nothing happens.
The crimson imp blinks!
The shadow imp hits you but does no damage.
Jorgrun hits you with an uncursed staff of earth!
* * * LOW HITPOINT WARNING * * *
You die...

.# ###
.##...
......
#####5.....
#..o..oKT#
#.H5cYo..#
#5§ccKo..#
#KKKK35###
#cg@####
#.5.# #...#
#...# #####


You could see Jorgrun, an orc knight, a centaur warrior, a hippogriff, 2 kobold
demonologists, a troll, a sixfirhy, a sky beast, 2 big kobolds, 3 centaurs, an
orc wizard, a quasit, 2 crimson imps, a white imp, a shadow imp, 2 orcs and 2
kobolds.

Vanquished Creatures
  A hydra (D:8)
  A centaur warrior (D:10)
  A queen ant (D:9)
  Sonja (D:11)
  2 unseen horrors
  Pikel (D:4)
  An ugly thing (D:12)
  A manticore (D:11)
  A cyclops (D:11)
  A centaur skeleton (D:11)
  2 trolls (D:11)
  2 dream sheep (D:8)
  2 hippogriffs
  6 yaks
  Eustachio (D:6)
  2 hungry ghosts (D:7)
  Edmund (D:6)
  5 soldier ants (D:9)
  2 water moccasins
  4 sky beasts
  6 orc warriors
  3 ice beasts
  A phantom (D:4)
  2 black bears
  5 centaurs
  4 ogres
  2 crocodiles (D:10)
  6 big kobolds
  11 bullfrogs
  2 gnoll sergeants (D:9)
  Blork the orc (D:5)
  A wyvern zombie (D:11)
  5 scorpions
  5 killer bees (D:11)
  3 wights (D:10)
  A howler monkey (D:10)
  3 centaur zombies
  6 crimson imps
  A quasit (D:5)
  3 bullfrog zombies
  A bullfrog skeleton (D:12)
  6 hounds
  2 jellies
  4 orc priests
  10 orc wizards
  2 gnoll shamans
  2 iguanas
  29 worker ants
  2 killer bee zombies
  2 hound skeletons
  A hound zombie (D:9)
  A mummy (D:7)
  A worker ant zombie (D:11)
  22 gnolls
  12 adders
  2 shadow imps
  2 oozes
  An adder zombie (D:9)
  A worm (D:8)
  A dart slug (D:4)
  4 leopard geckos
  25 orcs
  5 ball pythons
  A giant cockroach (D:4)
  7 goblins
  5 hobgoblins
  3 jackals (D:4)
  2 quokkas
  5 bats
  3 frilled lizards
  18 kobolds
  A kobold zombie (D:7)
  3 orc zombies (D:7)
  2 rats
  A fungus (D:6)
298 creatures vanquished.

Vanquished Creatures (others)
  3 toadstools (D:6)
3 creatures vanquished.

Grand Total: 301 creatures vanquished

Notes
Turn   | Place    | Note
-------+----------+-------------------------------------------
     0 | D:1      | Peloso the Minotaur Fighter began the quest for the Orb.
     0 | D:1      | Reached XP level 1. HP: 19/19 MP: 0/0
    41 | D:1      | You fall through a shaft!
    65 | D:2      | Reached skill level 4 in Shields
    65 | D:2      | Reached XP level 2. HP: 27/27 MP: 1/1
   126 | D:2      | Found a shadowy altar of Dithmenos.
   163 | D:2      | Found a radiant altar of Vehumet.
   216 | D:2      | Reached XP level 3. HP: 33/33 MP: 2/2
   282 | D:2      | Found a sparkling altar of Nemelex Xobeh.
   450 | D:2      | Found an ancient bone altar of Kikubaaqudgha.
  1485 | D:3      | Reached XP level 4. HP: 40/40 MP: 3/3
  1637 | D:3      | Noticed a bullfrog
  1645 | D:3      | Killed a bullfrog
  1645 | D:3      | Reached skill level 1 in Dodging
  1692 | D:3      | Reached XP level 5. HP: 40/47 MP: 4/4
  1898 | D:3      | Noticed an ogre
  1905 | D:3      | Killed an ogre
  1905 | D:3      | Reached skill level 5 in Shields
  2711 | D:3      | Found a faded altar of an unknown god.
  2874 | D:4      | Reached skill level 5 in Armour
  2874 | D:4      | Reached XP level 6. HP: 47/53 MP: 5/5
  3067 | D:4      | Found a shimmering altar of Xom.
  3069 | D:4      | Found a hazy altar of Hepliaklqana.
  3069 | D:4      | Noticed a yak
  3070 | D:4      | Noticed a yak
  3070 | D:4      | Noticed a spectral ugly thing
  3141 | D:4      | Found a glowing silver altar of Zin.
  3259 | D:4      | Reached skill level 5 in Long Blades
  3259 | D:4      | Reached XP level 7. HP: 40/60 MP: 6/6
  3511 | D:4      | Reached skill level 5 in Fighting
  3642 | D:4      | Reached skill level 6 in Shields
  3771 | D:4      | Found a staircase to the Ecumenical Temple.
  3831 | D:4      | Noticed Pikel
  3856 | D:4      | Killed Pikel
  3856 | D:4      | Reached XP level 8. HP: 48/70 MP: 7/7
  3900 | Temple   | Entered the Ecumenical Temple
  4313 | D:5      | Entered Level 5 of the Dungeon
  4379 | D:5      | Reached skill level 7 in Shields
  4484 | D:5      | Found a deep blue altar of Sif Muna.
  4529 | D:5      | Found Xotukhlaa's Armour Shoppe.
  4565 | D:5      | Found Itautroe's Food Shop.
  4848 | D:5      | Noticed Blork the orc
  4851 | D:5      | Killed Blork the orc
  4851 | D:5      | Reached skill level 8 in Shields
  4880 | D:5      | Found Coiheul's Jewellery Shoppe.
  4914 | D:5      | Found Opuysiaf's Jewellery Shoppe.
  4954 | D:5      | Found Hoss's Distillery.
  4962 | D:5      | Bought a potion of degeneration for 11 gold pieces
  4962 | D:5      | Bought a potion of magic for 88 gold pieces
  4962 | D:5      | Bought a potion of lignification for 33 gold pieces
  4962 | D:5      | Bought a potion of berserk rage for 55 gold pieces
  5215 | D:6      | Found a white marble altar of Elyvilon.
  5334 | D:6      | Noticed Eustachio
  5367 | D:6      | Killed Eustachio
  5451 | D:6      | Reached XP level 9. HP: 62/75 MP: 8/8
  5608 | D:6      | Noticed Edmund
  5619 | D:6      | Killed Edmund
  5805 | D:7      | Found a bloodstained altar of Trog.
  5831 | D:7      | Reached skill level 9 in Shields
  6687 | D:7      | Reached skill level 10 in Shields
  6726 | D:7      | Found an iron altar of Okawaru.
  6734 | D:7      | Became a worshipper of Warmaster Okawaru
  6895 | D:8      | Found a staircase to the Lair.
  6986 | D:8      | Reached XP level 10. HP: 53/84 MP: 9/9
  7491 | D:8      | Found a runed translucent door.
  7492 | D:8      | Noticed P0WERM0DE's ghost (novice DDFi)
  7505 | D:8      | Reached * piety under Okawaru
  7709 | D:8      | Reached skill level 10 in Long Blades
  7783 | D:8      | Reached skill level 11 in Shields
  8030 | D:8      | Noticed a three-headed hydra
  8036 | D:8      | Killed a one-headed hydra
  8036 | D:8      | Reached ** piety under Okawaru
  8123 | D:8      | Found a snail-covered altar of Cheibriados.
  8232 | D:9      | Found a glowing golden altar of the Shining One.
  8241 | D:9      | Found a shattered altar of Ashenzari.
  8559 | D:9      | Noticed a queen ant
  8568 | D:9      | Reached skill level 10 in Armour
  8587 | D:9      | Killed a queen ant
  8587 | D:9      | Reached *** piety under Okawaru
  8952 | D:9      | Reached XP level 11. HP: 84/92 MP: 10/10
  9076 | D:9      | Killed an unseen horror
  9561 | D:9      | Reached skill level 12 in Shields
 10189 | D:10     | Entered Level 10 of the Dungeon
 10206 | D:10     | Noticed a centaur warrior
 10227 | D:10     | Killed a centaur warrior
 10227 | D:10     | Reached skill level 1 in Stealth
 10684 | D:10     | Found a transporter.
 10904 | D:10     | Found a transporter.
 10904 | D:10     | Noticed PikkenKukken's ghost (novice FoAK)
 11098 | D:11     | Reached **** piety under Okawaru
 11425 | D:11     | Killed an unseen horror
 11845 | D:11     | Found a staircase to the Orcish Mines.
 12009 | D:11     | Noticed Sonja
 12093 | D:11     | Killed Sonja
 12235 | D:11     | Received a gift from Okawaru
 13127 | D:11     | Reached ***** piety under Okawaru
 13327 | D:12     | Noticed a purple ugly thing
 13339 | D:12     | Killed a purple ugly thing
 13339 | D:12     | Reached skill level 13 in Shields
 13339 | D:12     | Reached XP level 12. HP: 91/104 MP: 11/11
 13431 | D:12     | You fall through a shaft for 3 floors!
 13431 | D:15     | Entered Level 15 of the Dungeon
 13435 | D:15     | Noticed Azrael
 13438 | D:15     | Noticed Jorgrun
 13438 | D:15     | Noticed a centaur warrior
 13446 | D:15     | HP: 5/104 [Jorgrun/uncursed staff of earth (2)]
 13449 | D:15     | HP: 2/104 [Jorgrun/uncursed staff of earth (3)]
 13449 | D:15     | Mangled by Jorgrun

Skill      XL: |  1  2  3  4  5  6  7  8  9 10 11 12 |
---------------+-------------------------------------+-----
Shields        | 4 5 6 8 10 11 13 | 13.0
Armour         | 4 5 6 7 9 10 11 | 11.6
Fighting       | 4 5 6 7 9 |  9.0
Long Blades    | 3 4 5 6 8 9 11 12 | 12.9
Dodging        | 1 2 3 4 |  4.1
Stealth        | 1 |  1.7
Invocations    | |  0.4
Evocations     | |  0.3

Action                   |  1- 3 |  4- 6 |  7- 9 | 10-12 || total
-------------------------+-------+-------+-------+-------++-------
Melee: Long sword        |    69 |   111 |   385 |    87 ||   652
       Headbutt          |    10 |    20 |    91 |   171 ||   292
       Falchion          |       |       |       |   619 ||   619
Invok: Heroism           |       |       |       |     6 ||     6
Evoke: Wand              |       |       |     2 |     3 ||     5
  Use: Scroll            |       |       |     5 |    11 ||    16
  Eat: Chunk             |     1 |     6 |    11 |    11 ||    29
       Ration            |       |       |     2 |     3 ||     5
Armor: Scale mail        |    26 |       |       |       ||    26
       Chain mail        |    18 |    71 |   180 |   236 ||   505
Dodge: Dodged            |    18 |    30 |   112 |   171 ||   331
Block: Shield            |    36 |    83 |   280 |   390 ||   789
       Rpst.: Long sword |     2 |    10 |    20 |     5 ||    37
       Falchion          |       |       |       |    28 ||    28
